 Dungeon Crawl Stone Soup version 0.30.1 (webtiles) character file.

Game seed: 7693768457442806186

34 Fodor the Covered (level 3, -1/33 HPs)
             Began as a Minotaur Fighter on July 4, 2023.
             Slain by Sigmund
             ... wielding a +0 scythe
              (8 damage)
             ... on level 2 of the Dungeon.
             The game lasted 00:05:07 (1115 turns).

Fodor the Covered (Minotaur Fighter)                Turns: 1115, Time: 00:05:08

Health: -1/33      AC:  7    Str: 22    XL:     3   Next: 14%
Magic:  2/2        EV:  9    Int:  5    God:
Gold:   77         SH:  0    Dex:  9    Spells: 2/2 levels left

rFire   . . .        a - +0 long sword
rCold   . . .        c - +0 buckler
rNeg    . . .        b - +0 scale mail
rPois   .            (helmet restricted)
rElec   .            h - scarf {+Inv}
rCorr   .            (no gloves)
SInv    .            (no boots)
Will    .....        (no amulet) Stlth
                     (no ring)
HPRegen 0.25/turn    (no ring)
MPRegen 0.08/turn

%: no passive effects
@: confused
A: horns 2, retaliatory headbutt
a: Evoke Invisibility


You were on level 2 of the Dungeon.
You visited 1 branch of the dungeon, and saw 2 of its levels.

You collected 77 gold pieces.

Inventory:

Hand Weapons
 a - a +0 long sword (weapon)
Armour
 b - a +0 scale mail (worn)
 c - a +0 buckler (worn)
 h - a scarf of invisibility (worn)
Scrolls
 e - 3 scrolls of identify {unknown}
 k - a scroll of fear {unknown}
Potions
 d - 3 potions of might
 f - a potion of flight {unknown}
 g - a potion of mutation {unknown}
 i - 2 potions of magic {unknown}
 j - a potion of curing {unknown}


   Skills:
 + Level 4.0 Fighting
 + Level 3.2 Long Blades
 + Level 4.2 Armour
 + Level 3.9 Shields


You had 2 spell levels left.
You didn't know any spells.
Your spell library was empty.

Dungeon Overview and Level Annotations

Branches:
Dungeon (2/15)

Altars:

Annotations:
D:2 Sigmund


Innate Abilities, Weirdness & Mutations

You have a pair of horns on your head.
You reflexively headbutt those who attack you in melee.


Message History

Sigmund hits you from afar with a +0 scythe!
Sigmund attacks as you move away! Sigmund hits you but does no damage.
Sigmund hits you from afar with a +0 scythe.
You feel less confused. Sigmund barely misses you. Sigmund closely misses you.
Found 15 gold pieces.
The orc shouts!
Sigmund gestures at you while chanting. The magic dart hits you.
You closely miss Sigmund. Your headbutt misses Sigmund.
Sigmund closely misses you.
The orc priest shouts!
You hit Sigmund but do no damage. You headbutt Sigmund!
Sigmund is heavily wounded.
Sigmund casts a spell.
Sigmund flickers and vanishes!
Deactivating autopickup; reactivate with Ctrl-A.
You hit something but do no damage. Your headbutt misses something.
Something hits you.
You barely miss something.
You hear some strange, mumbled words.
A magic dart appears from out of thin air!
The magic dart hits you.
You hit something. Your headbutt misses something.
Something hits you but does no damage.
You hit something. Your headbutt misses something. Something hits you.
You miss something. Something hits you but does no damage.
You hit something but do no damage. Your headbutt misses something.
You hear some strange, mumbled words.
A puff of flame appears from out of thin air!
The puff of flame hits you.
* * * LOW HITPOINT WARNING * * *
You barely miss something. Your headbutt misses something.
You hear some strange, mumbled words.
You are confused.
You're too confused to move!
Something hits you but does no damage.
An orc comes into view. It is wielding a +0 hand axe.
You miss something. Your headbutt misses something. Something hits you!
You die...

######## ######
#####?.....# #..<.#
###..........###.#####
#....................#
.......@{............#
......#.................
......#.......#######.##
...#.........#.. # ..
..#######..#.# . ..


#ooo ##.#>.. #.... .# ##. .....o .# You could see 3 orcs.

Vanquished Creatures
  A dart slug (D:1)
  5 bats (D:1)
  4 endoplasms (D:1)
  4 hobgoblins (D:1)
  3 quokkas (D:1)
  A ball python (D:1)
  3 frilled lizards (D:1)
  2 goblins (D:1)
  4 kobolds (D:1)
  3 rats (D:1)
30 creatures vanquished.

Notes
Turn   | Place    | Note
-------+----------+-------------------------------------------
     0 | D:1      | Fodor the Minotaur Fighter began the quest for the Orb.
     0 | D:1      | Reached XP level 1. HP: 19/19 MP: 0/0
   138 | D:1      | Reached XP level 2. HP: 23/27 MP: 1/1
   639 | D:1      | Reached XP level 3. HP: 33/33 MP: 2/2
  1092 | D:2      | Noticed Sigmund
  1115 | D:2      | Slain by Sigmund

Illustrated notes

Levels and vault maps discovered:
D:1:      saegor_arrival_simple_e, layout_basic, chequers_serial_rivers_marsh,
          minmay_vboxes
D:2:      cheibrodos_pilgrimage, layout_basic, dreamdust_ecumenical_altar_grove,
          kennysheep_potato, uniq_sigmund

Skill      XL: |  1  2 |
---------------+-------+-----
Fighting       | 4 |  4.0
Armour         | 4 |  4.2
Long Blades    | 3 |  3.2
Shields        | |  3.9

Action                     || total
---------------------------++-------
  Melee: Long sword        ||    74
         Headbutt          ||     9
 Armour: Scale mail        ||    32
  Dodge: Dodged            ||    41
  Block: Buckler           ||    27
